 Dungeon Crawl Stone Soup version 0.26.0-20-g3ca415f5b8 (webtiles) character file.

Game seed: 1162894034204150931

170 EnegeticOcto the Chopper (level 5, 0/46 HPs)
             Began as a Deep Dwarf Fighter on Jan 24, 2021.
             Was an Initiate of Okawaru.
             Killed from afar by Maggie (27 damage)
             ... with a bolt of fire
             ... on level 6 of the Dungeon.
             The game lasted 00:01:45 (314 turns).

EnegeticOcto the Chopper (Deep Dwarf Fighter)        Turns: 314, Time: 00:01:46

Health: 0/46       AC:  6    Str: 21    XL:     5   Next: 26%
Magic:  3/3        EV:  7    Int:  8    God:    Okawaru [......]
Gold:   26         SH:  9    Dex: 12    Spells: 4/4 levels left

rFire    . . .     SeeInvis .   a - +0 war axe
rCold    . . .     Faith    .   c - +0 kite shield
rNeg     . . .     Spirit   .   b - +0 scale mail
rPois    .         Reflect  .   (no helmet)
rElec    .         Harm     .   (no cloak)
rCorr    .         Rampage  .   (no gloves)
Will     .....                  (no boots)
Stlth    ..........             (no amulet)
HPRegen  0.00/turn              (no ring)
MPRegen  0.08/turn              (no ring)

@: mighty, mesmerised, non-regenerating
A: damage resistance, heal wounds, sense surroundings 1, no regeneration
a: Heal Wounds, Renounce Religion


You were on level 6 of the Dungeon.
You worshipped Okawaru.
Okawaru was noncommittal.
You visited 1 branch of the dungeon, and saw 6 of its levels.

You collected 26 gold pieces.

Inventory:

Hand Weapons
 a - a +0 war axe (weapon)
Armour
 b - a +0 scale mail (worn)
 c - a +0 kite shield (worn)
Scrolls
 e - a scroll of fear {unknown}
 f - a scroll of enchant weapon {unknown}
 g - a scroll of remove curse {unknown}
Potions
 h - a potion of mutation {unknown}


   Skills:
 - Level 2.6 Fighting
 * Level 6.0 Axes
 - Level 3.2 Armour
 - Level 3.2 Shields
 + Level 1.2 Invocations


You had 4 spell levels left.
You didn't know any spells.
Your spell library was empty.

Dungeon Overview and Level Annotations

Branches:
Dungeon (6/15)
 Temple: D:4-7

Altars:
Okawaru

Annotations:
D:6 Grinder, Maggie


Innate Abilities, Weirdness & Mutations

You are resistant to damage.
You can heal yourself by infusing magical energy.
You passively map a small area around you.
You do not regenerate.


Message History

Okawaru accepts your kill.
Your Invocations skill increases to level 1!
No target in view!
Things that are here:
a +0 spear; a gnoll corpse
Found a stone staircase leading down.
Maggie the Vainglorious comes into view.
She is wielding a +0 broad axe.
Maggie shouts!
You hear a shout!
Grinder comes into view.
You hear a shout!
Found 5 poisoned darts.
You aren't carrying any items that you can evoke.
Really quaff
d - a potion of might {@q3 !q}?
Okay, then.
An adder comes into view.
Found a white potion.
Really quaff
d - a potion of might {@q3 !q}?
You feel very mighty all of a sudden.
Your shield and scale mail prevent you from hitting Maggie.
Maggie hits you with a +0 broad axe.
You slash Maggie!
Maggie is moderately wounded.
Maggie hits you with a +0 broad axe.
An orc comes into view. It is wielding a +0 flail.
Grinder says, "There's only one good use for a tongue: cutting it out."
Grinder gestures at you. Pain shoots through your body!
You hit Maggie.
Maggie is moderately wounded.
You closely miss Grinder. You miss the adder. You block the adder's attack.
Maggie mumbles some strange words.
Maggie attempts to bespell you!
You are mesmerised by Maggie!
The adder bites you. Grinder barely misses you.
You slash Maggie!
Maggie is moderately wounded.
You slash the adder!
You kill the adder!
Okawaru accepts your kill.
You closely miss Grinder. You block Maggie's attack. Grinder gestures at you.
You suddenly lose the ability to move!
Maggie mumbles some strange words.
Maggie draws you further into her thrall.
Grinder blinks!
Maggie hits you with a +0 broad axe.
Grinder blinks!
Maggie hits you but does no damage. Grinder hits you but does no damage.
Maggie hits you with a +0 broad axe! The orc hits you with a +0 flail!
You can move again.
You feel much better. You block Grinder's attack. You block Maggie's attack.
Non-targeted abil: Heal Wounds
Press: ? - help, Q - select action Dir - look around, f - activate Look: Grinder
Okay, then.
You barely miss Grinder. You hit Maggie. You slash the orc!
You kill the orc!
Okawaru accepts your kill. Grinder hits you but does no damage.
Your Axes skill increases to level 6!
You hit Grinder.
Grinder is lightly wounded.
You barely miss Maggie. You block Maggie's attack. Grinder hits you.
You writhe in agony.
Grinder gestures at you.
You struggle to resist.
Maggie gestures at you while chanting. The bolt of fire misses you.
You slice Grinder!!
Grinder is severely wounded.
You hit Maggie.
Grinder says, "FISH!"
Grinder barely misses you. You block Maggie's attack.
You slash Grinder!
Grinder is almost dead.
Your shield and scale mail prevent you from hitting Maggie.
Grinder hits you but does no damage.
Maggie casts a spell.
Maggie draws you further into her thrall.
You slash Maggie!
Maggie is severely wounded.
You hit Grinder.
Grinder blinks!
Maggie mumbles the words to a spell, but in the wrong order.
Maggie barely misses you.
You hit Maggie.
Maggie is almost dead.
Maggie mumbles some strange words.
Maggie draws you further into her thrall.
You closely miss Maggie.
Maggie is almost dead.
Maggie practices a pose.
Maggie hits you with a +0 broad axe. Grinder gestures at you.
Pain shoots through your body!
You hit Maggie.
Maggie is almost dead.
Maggie gestures at you while chanting. The bolt of fire hits you!!
Ouch! That really hurt!
You die...

.###......#####........
....................... ,
..##....##..###........!
*
..##....###..##.....5...
.####..#####....##..#..#*
## #.###.........#...## #
#.# #......>........ * *
#.# #.............## *
#.# ###.....@....... , *
, .....#..)@.....# ,
,,...##.#.........# , ,,
... #.#.........., .#
..#.........# ,, , , .
#..(....... * * ,
#.......... , ,
,..........# , , *


You could see Maggie (mesmerising) and Grinder.

Vanquished Creatures
  A sky beast (D:3)
  A worker ant (D:4)
  3 gnolls (D:6)
  An adder (D:6)
  A dart slug (D:3)
  An orc (D:6)
  A bat (D:3)
  A goblin (D:1)
  4 jackals (D:4)
  A quokka (D:3)
  A frilled lizard (D:3)
  A kobold (D:1)
  A rat (D:1)
18 creatures vanquished.

Notes
Turn   | Place    | Note
-------+----------+-------------------------------------------
     0 | D:1      | EnegeticOcto the Deep Dwarf Fighter began the quest for the
                  | Orb.
     0 | D:1      | Reached XP level 1. HP: 20/20 MP: 1/1
    82 | D:3      | Noticed a sky beast
    97 | D:3      | Your magical essence is drained by the effort!
    99 | D:3      | Killed a sky beast
   100 | D:3      | Reached skill level 5 in Axes
   100 | D:3      | Reached XP level 2. HP: 20/27 MP: 1/1
   100 | D:3      | Reached XP level 3. HP: 24/33 MP: 2/2
   100 | D:3      | Reached XP level 4. HP: 30/40 MP: 3/3
   194 | D:4      | Your magical essence is drained by the effort!
   218 | D:5      | Entered Level 5 of the Dungeon
   223 | D:5      | Found an iron altar of Okawaru.
   226 | D:5      | Became a worshipper of Warmaster Okawaru
   269 | D:6      | Reached XP level 5. HP: 42/46 MP: 3/3
   279 | D:6      | Reached skill level 1 in Invocations
   294 | D:6      | Noticed Maggie
   294 | D:6      | Noticed Grinder
   301 | D:6      | Paralysed by Grinder for 5 turns
   308 | D:6      | Reached skill level 6 in Axes
   314 | D:6      | Killed from afar by Maggie

Illustrated notes

Levels and vault maps discovered:
D:1:      tarquinn_simple_flora_water_a, layout_basic, serial_park_tiny_pond
D:2:      layout_basic, grunt_temple_overflow_open, minmay_puff, uniq_jessica
D:3:      wander_river, layout_basic
D:4:      layout_basic, kennysheep_vampire_church, cheibriados_altar_1,
          minmay_temple_entry_statues_pillars, uniq_edmund
D:5:      minmay_bubble_buster, layout_basic, okawaru_trees_2
D:6:      layout_rooms, uniq_grinder, uniq_duvessa, uniq_maggie

Skill      XL: |  1  2  3  4  5 |
---------------+----------------+-----
Axes           | 5 6 |  6.0
Invocations    | 1 |  1.2
Fighting       | |  2.6
Armour         | |  3.2
Shields        | |  3.2

Action                   |  1- 3 |  4- 6 || total
-------------------------+-------+-------++-------
Melee: War axe           |    18 |    48 ||    66
 Abil: Heal Wounds       |     3 |     2 ||     5
  Use: Potion            |       |     1 ||     1
Armor: Scale mail        |    35 |    23 ||    58
Dodge: Dodged            |    14 |    32 ||    46
Block: Kite shield       |    32 |    40 ||    72
